 Dungeon Crawl Stone Soup version 0.30-a0-172-gc5509c9e31 (webtiles) character file.

Game seed: 16788818142342703919

15838 bande the Cleaver (level 12, -10/75 HPs)
             Began as a Gargoyle Fighter on Oct 2, 2022.
             Was a High Priest of Okawaru.
             Mangled by a death yak (16 damage)
             ... on level 2 of the Lair of Beasts.
             The game lasted 00:25:18 (12231 turns).

bande the Cleaver (Gargoyle Fighter)               Turns: 12231, Time: 00:25:19

Health: -10/75     AC: 31    Str: 20    XL:     12   Next: 31%
Magic:  0/18       EV:  6    Int: 10    God:    Okawaru [*****.]
Gold:   789        SH:  5    Dex: 13    Spells: 11/11 levels left

rFire   . . .      SeeInvis .    I - +2 broad axe (spect)
rCold   . . .      Faith    .    c - +0 buckler
rNeg    + . .      Spirit   +    r - +0 plate armour
rPois   ∞          Reflect  .    j - +1 hat
rElec   +          Harm     .    i - +1 cloak
rCorr   .          Rampage  .    D - +0 pair of gloves
Will    +....                    (no boots)
Stlth   ..........               u - amulet of guardian spirit
HPRegen 0.32/turn                g - ring of willpower
MPRegen 0.16/turn                m - +4 ring of protection

@: studying Axes
A: sickness immunity, AC +8, negative energy resistance 1, electricity
resistance, torment resistance 1, petrification resistance
a: Renounce Religion, Heroism, Finesse, Duel


You were on level 2 of the Lair of Beasts.
You worshipped Okawaru.
Okawaru was extremely pleased with you.
You visited 3 branches of the dungeon, and saw 13 of its levels.
You also visited: Sewer.

You collected 789 gold pieces.

Inventory:

Hand Weapons
 a - a +1 vorpal war axe
 l - a +2 flail of venom
 E - a +0 shortbow of flaming
 H - a +0 war axe
 I - a +2 spectral broad axe (weapon)
Missiles
 G - 2 throwing nets (quivered)
Armour
 c - a +0 buckler (worn)
 i - a +1 cloak (worn)
 j - a +1 hat (worn)
 r - a +0 plate armour (worn)
 D - a +0 pair of gloves (worn)
Jewellery
 g - a ring of willpower (left hand)
 m - a +4 ring of protection (right hand)
 t - a ring of protection from fire
 u - an amulet of guardian spirit (around neck)
 y - a +6 ring of strength
 z - a ring of willpower
 A - a ring of magical power
 B - an amulet of magic regeneration
 F - a +4 ring of evasion
 L - a ring of willpower
Wands
 v - a wand of roots (14)
 w - a wand of flame (16)
Scrolls
 h - 3 scrolls of blinking
 k - 2 scrolls of magic mapping
 o - 2 scrolls of enchant weapon
 q - 4 scrolls of teleportation
 C - a scroll of fear
 J - a scroll of identify
Potions
 b - 6 potions of curing
 d - 3 potions of might
 e - a potion of resistance
 f - 3 potions of mutation
 n - 2 potions of invisibility
 p - a potion of berserk rage
 s - 2 potions of flight
 x - a potion of ambrosia
 K - a potion of heal wounds


   Skills:
 + Level 8.8 Fighting
 + Level 11.8 Axes
 + Level 9.3 Armour
 - Level 0.4 Stealth
 + Level 6.4 Shields
 * Level 8.0 Invocations
 * Level 6.8 Evocations


You had 11 spell levels left.
You didn't know any spells.
Your spell library contained the following spells:

 Spells                   Type           Power      Damage    Failure   Level
 Beastly Appendage        Tmut           0%         N/A       100%        1
 Kiss of Death            Conj/Necr      0%         2d5       100%        1
 Magic Dart               Conj           0%         1d3       100%        1
 Ensorcelled Hibernation  Hex/Ice        0%         N/A       100%        2
 Passwall                 Tmut/Erth      0%         N/A       100%        2
 Wereblood                Tmut           0%         N/A       100%        2
 Confusing Touch          Hex            0%         N/A       100%        3
 Gell's Gravitas          Tloc           0%         N/A       100%        3
 Lesser Beckoning         Tloc           0%         N/A       100%        3
 Mephitic Cloud           Conj/Pois/Air  0%         N/A       100%        3
 Spider Form              Tmut/Pois      0%         N/A       100%        3
 Swiftness                Air            0%         N/A       100%        3
 Teleport Other           Tloc           0%         N/A       100%        3
 Dispel Undead            Necr           0%         3d6       100%        4
 Summon Small Mammal      Summ           Unusable   N/A       N/A         1
 Call Imp                 Summ           Unusable   N/A       N/A         2
 Call Canine Familiar     Summ           Unusable   N/A       N/A         3
 Summon Guardian Golem    Hex/Summ       Unusable   N/A       N/A         3

Dungeon Overview and Level Annotations

Branches:
Dungeon (9/15)             Temple (1/1) D:5            Lair (3/5) D:9
  Snake (0/4) Lair:2        Sewer (visited)
  Swamp: Lair:2-3    Shoals: Lair:2-3       Orc: D:9-12

Altars:
Ashenzari
Cheibriados
Dithmenos
Hepliaklqana
Nemelex Xobeh
Okawaru
Qazlal
Ru
Sif Muna
Trog
Uskayaw
Vehumet
Wu Jian
Xom
Yredelemnul
Zin
The Shining One


Innate Abilities, Weirdness & Mutations

You are immune to sickness and miasma.
Your stone body is resilient. (AC +8)
You are immune to poison.
You resist negative energy. (rN+)
You are resistant to electric shocks. (rElec)
You are resistant to unholy torment.
You are immune to petrification.


Message History

You hit the death yak but do no damage. x2
Your +2 spectral broad axe hits the death yak! x2
The death yak closely misses you.
The death yak gores your +2 spectral broad axe!!
Your spectral weapon shares its damage with you!
Your +2 spectral broad axe fades away.
The death yak gores you.
You slice the death yak!!
The death yak is heavily wounded.
You barely miss the death yak. You slash the death yak!
Your +2 spectral broad axe barely misses the death yak.
Your +2 spectral broad axe hits the death yak!
The death yak gores you.
The death yak gores you but does no damage. x2
You hit the death yak.
The death yak is severely wounded.
You hit the death yak but do no damage. You hit the death yak.
Your +2 spectral broad axe hits the death yak.
Your +2 spectral broad axe hits the death yak but does no damage.
The death yak gores you but does no damage. x2
The death yak barely misses you.
Unknown command.
You hit the death yak but do no damage.
The death yak is severely wounded.
You hit the death yak but do no damage. x2
Your +2 spectral broad axe hits the death yak!
The death yak gores you. The death yak gores you!
You block the death yak's attack.
The death yak gores you but does no damage. x2
The death yak gores you!!
* * * LOW HITPOINT WARNING * * *
You slice the death yak!!
The death yak is almost dead.
You hit the death yak but do no damage. x2
Your +2 spectral broad axe hits the death yak but does no damage.
Your +2 spectral broad axe barely misses the death yak.
The death yak gores you!!
* * * LOW HITPOINT WARNING * * *
The death yak gores you!
You die...

##...................
##...................
#....................
#P.........#....#.#.#
##...................
#...................
#...................
##..YY...............
#..Y@(........#.#.##.
##..§.....P....#..###
#......#.##..##..#
#......#.#...##..##
#.................#
#.................##
#..................#
##...........##......
#.......###..##......


You could see 3 death yaks and a friendly +2 spectral broad axe (summoned).

Vanquished Creatures
  A two-headed ogre (D:7)
  A death yak (Lair:2)
  Pikel (D:8)
  A lindwurm (Lair:2)
  An ugly thing (D:7)
  A black mamba (Lair:1)
  7 elephants
  5 cane toads (Lair:1)
  An unseen horror (D:9)
  2 komodo dragons
  Prince Ribbit (D:7)
  Sigmund (D:2)
  3 yaks (Lair:1)
  2 wyverns
  4 basilisks
  A wraith (D:7)
  3 steam dragons
  6 nagas (Lair:2)
  3 water moccasins
  Duvessa (D:6)
  An orc warrior (D:8)
  Pargi (Sewer)
  A sky beast (D:7)
  2 ice beasts
  4 ogres
  4 black bears
  4 centaurs
  4 lemures
  A kobold brigand (D:8)
  3 necrophages
  12 bullfrogs
  3 gnoll sergeants
  4 scorpions
  4 wights
  Dowan (D:6)
  22 killer bees
  A howler monkey (D:5)
  A gnoll bouda (D:6)
  2 jellies
  4 orc priests
  6 hounds
  Terence (D:2)
  5 iguanas
  5 orc wizards
  21 gnolls
  5 adders
  A shadow imp (D:7)
  4 white imps
  2 ufetubi
  3 worms
  A dart slug (D:2)
  24 orcs
  8 ball pythons
  15 bats
  8 endoplasms
  8 giant cockroaches
  6 goblins
  9 hobgoblins
  3 jackals (D:1)
  6 quokkas
  2 frilled lizards (D:1)
  12 kobolds
  4 rats
284 creatures vanquished.

Vanquished Creatures (others)
  12 fungi
  9 plants
21 creatures vanquished.

Grand Total: 305 creatures vanquished

Notes
Turn   | Place    | Note
-------+----------+-------------------------------------------
     0 | D:1      | bande the Gargoyle Fighter began the quest for the Orb.
     0 | D:1      | Reached XP level 1. HP: 14/14 MP: 1/1
    55 | D:1      | Reached XP level 2. HP: 16/19 MP: 2/2
   166 | D:1      | Reached skill level 2 in Axes
   235 | D:1      | Reached XP level 3. HP: 24/24 MP: 3/3
   605 | D:2      | Noticed Terence
   612 | D:2      | Killed Terence
   613 | D:2      | Reached XP level 4. HP: 27/29 MP: 4/4
   854 | D:2      | Noticed Sigmund
   872 | D:2      | Killed Sigmund
   873 | D:2      | Reached skill level 3 in Axes
   873 | D:2      | Reached XP level 5. HP: 22/34 MP: 5/5
   873 | D:2      | Reached XP level 6. HP: 25/39 MP: 6/6
  1589 | D:4      | Reached skill level 4 in Axes
  1928 | D:4      | Reached skill level 5 in Armour
  1928 | D:4      | Reached XP level 7. HP: 39/44 MP: 7/7
  2146 | D:4      | Reached skill level 5 in Axes
  2273 | D:4      | Identified the +2 war axe of the Purse {spect, rC+}
  2441 | D:5      | Entered Level 5 of the Dungeon
  2452 | D:5      | Found a staircase to the Ecumenical Temple.
  2469 | Temple   | Entered the Ecumenical Temple
  2524 | Temple   | Became a worshipper of Warmaster Okawaru
  2563 | D:5      | Reached skill level 5 in Fighting
  2587 | D:5      | Reached skill level 1 in Invocations
  2604 | D:5      | Reached XP level 8. HP: 49/49 MP: 6/8
  2687 | D:5      | Reached skill level 1 in Evocations
  2826 | D:5      | Reached skill level 6 in Axes
  3148 | D:5      | Reached * piety under Okawaru
  3648 | D:6      | Noticed Dowan
  3649 | D:6      | Noticed Duvessa
  3652 | D:6      | Found a glowing drain.
  3681 | Sewer    | Entered a sewer
  3725 | Sewer    | Noticed Pargi
  3733 | Sewer    | Killed Pargi
  3794 | D:6      | Killed Dowan
  3794 | D:6      | Reached ** piety under Okawaru
  3795 | D:6      | Reached skill level 7 in Axes
  3795 | D:6      | Reached XP level 9. HP: 53/55 MP: 9/11
  3800 | D:6      | Killed Duvessa
  4436 | D:6      | Found a hazy altar of Hepliaklqana.
  4909 | D:6      | Found a radiant altar of Vehumet.
  5432 | D:7      | Reached *** piety under Okawaru
  5457 | D:7      | Reached skill level 5 in Shields
  6138 | D:7      | Reached skill level 8 in Axes
  6138 | D:7      | Reached skill level 5 in Invocations
  6307 | D:7      | Reached XP level 10. HP: 57/61 MP: 11/13
  6547 | D:8      | Noticed a cyan ugly thing
  6549 | D:8      | Identified the +12 quarterstaff of Slow Death {venom, rC+
                  | Stlth+}
  6550 | D:8      | Noticed a two-headed ogre
  6555 | D:8      | Noticed Prince Ribbit
  6573 | D:7      | Killed a cyan ugly thing
  6573 | D:7      | Reached **** piety under Okawaru
  6746 | D:7      | Killed a two-headed ogre
  6866 | D:7      | Killed Prince Ribbit
  6951 | D:8      | Reached ***** piety under Okawaru
  7214 | D:8      | Reached skill level 9 in Axes
  8279 | D:9      | Reached skill level 5 in Evocations
  8290 | D:9      | Noticed an elephant
  8309 | D:9      | Killed an elephant
  8309 | D:9      | Received a gift from Okawaru
  8310 | D:9      | Reached XP level 11. HP: 29/67 MP: 7/15
  8451 | D:9      | Noticed Pikel
  8452 | D:9      | Found a sacrificial altar of Ru.
  8625 | D:8      | Killed Pikel
  8906 | D:9      | Found a staircase to the Lair.
  9165 | D:9      | Found a broken altar of Ashenzari.
  9299 | Lair:1   | Entered Level 1 of the Lair of Beasts
  9477 | Lair:1   | Reached skill level 10 in Axes
  9871 | Lair:1   | You fall into a shaft and drop 1 floor!
  9872 | Lair:2   | Noticed a lindwurm
  9880 | Lair:2   | Killed a lindwurm
  9880 | Lair:2   | Identified the +4 kite shield of Lekke {rPois Int+3}
                  | (Okawaru gifted it to you on level 2 of the Lair of Beasts)
  9880 | Lair:2   | Received a gift from Okawaru
 10194 | Lair:2   | Identified a scroll of acquirement
 10194 | Lair:2   | Acquired a manual of Axes
 10292 | Lair:2   | Found a staircase to the Snake Pit.
 10514 | Lair:1   | Reached XP level 12. HP: 45/75 MP: 10/17
 10728 | Lair:1   | Reached skill level 11 in Axes
 11818 | Lair:2   | Found an ornate altar of the Wu Jian Council.
 12198 | Lair:3   | Noticed a death yak
 12198 | Lair:3   | Noticed a death yak
 12198 | Lair:3   | Noticed a death yak
 12198 | Lair:3   | Noticed a death yak
 12198 | Lair:3   | Noticed a death yak
 12198 | Lair:3   | Noticed a death yak
 12207 | Lair:2   | Killed a death yak
 12231 | Lair:2   | Mangled by a death yak

Illustrated notes

Levels and vault maps discovered:
D:1:      minmay_arrival_glassed_features, layout_basic
D:2:      layout_basic, corexii_leaking_fountain, uniq_terence, uniq_sigmund
D:3:      layout_rooms, kennysheep_generic_room_3
D:4:      kb_forest_paths, layout_basic
D:5:      layout_gridville, minmay_temple_entry_stoned_glass
D:6:      layout_loops_ring, nzn_hepliaklqana_mist_gate,
          nicolae_vehumet_altar_sigil, portal_sewer_entry_f, uniq_duvessa
D:7:      minmay_clustersquares, layout_loops_ring,
          hangedman_abyss_or_decor_stagger
D:8:      layout_loops_ring, minmay_radiant, uniq_prince_ribbit1
D:9:      layout_rooms, lemuel_round_altar, nicolae_ru_great_annihilating_truth,
          david_lair_generic, uniq_pikel
Temple:   regret_index_temple_chain_breaker
Lair:1:   layout_regular_city, chequers_serial_rivers_small_a,
          infiniplex_staircase_pool_2, lemuel_fruit_fields, grunt_megastairs_1
Lair:2:   layout_gridlike, minmay_snake_entry_guardpost_medium, basic_altar
Lair:3:   layout_roguey, minmay_shoals_entry_hut,
          nicolae_lair_grove_arrangements, chequers_serial_rivers_micro_e,
          grunt_megastairs_3, uniq_rupert

Skill      XL: |  1  2  3  4  5  6  7  8  9 10 11 12 |
---------------+-------------------------------------+-----
Axes           | 2 3 4 5 7 8 9 10 11 | 11.8
Fighting       | 4 5 6 7 8 |  8.8
Armour         | 4 5 6 7 9 |  9.3
Shields        | 4 5 6 |  6.4
Invocations    | 1 3 5 6 7 8 |  8.0
Evocations     | 2 3 5 6 |  6.8
Stealth        | |  0.4

Action                   |  1- 3 |  4- 6 |  7- 9 | 10-12 || total
-------------------------+-------+-------+-------+-------++-------
Melee: War axe           |   100 |    83 |   429 |   176 ||   788
       Broad axe         |       |       |       |   171 ||   171
  Use: Scroll            |     7 |     7 |     8 |     4 ||    26
       Potion            |       |     1 |     2 |       ||     3
 Stab: Distracted        |       |       |       |     1 ||     1
       Paralysed         |       |       |       |     1 ||     1
Armor: Scale mail        |    31 |       |       |       ||    31
       Chain mail        |    28 |    30 |       |       ||    58
       Plate armour      |       |    16 |   481 |   458 ||   955
Dodge: Dodged            |    39 |    21 |   152 |   122 ||   334
Block: Buckler           |    20 |     8 |   119 |   142 ||   289

Table legend: (Time is in decaauts)
 A = Elapsed time spent in this place.
 B = Non-inter-level travel time spent in this place.
 C = Inter-level travel time spent in this place.
 D = Time resting spent in this place.
 E = Time spent auto-exploring this place.
 F = Levels seen in this place.
 G = Mean time per level.
                   A        B        C        D        E       F      G
               +--------+--------+--------+--------+--------+-----+--------+
         Total |  12464 |  12273 |    191 |   3941 |   5379 |  14 |  890.3 |
       Dungeon |   9314 |   9142 |    172 |   2721 |   4096 |   9 | 1034.9 |
        Temple |     87 |     68 |     19 |      0 |     40 |   1 |   87.0 |
          Lair |   2950 |   2950 |      0 |   1220 |   1222 |   3 |  983.3 |
         Sewer |    111 |    111 |      0 |      0 |     20 |   1 |  111.0 |
               +--------+--------+--------+--------+--------+-----+--------+

Top non-repeatable levels by time:
     D:8: 1807 daAuts
  Lair:1: 1786 daAuts
     D:6: 1570 daAuts
     D:7: 1543 daAuts
  Lair:2: 1160 daAuts
     D:5: 1142 daAuts
     D:4: 973 daAuts
     D:9: 725 daAuts
     D:2: 609 daAuts
     D:1: 532 daAuts
     D:3: 410 daAuts
   Sewer: 111 daAuts
  Temple: 87 daAuts
  Lair:3: 4 daAuts
